 Dungeon Crawl Stone Soup version 0.30-a0-23-ge60ba3568b (webtiles) character file.

Game seed: 11778899683816742387

21 jfcaron the Insei (level 3, -1/28 HPs)
             Began as a Meteoran Transmuter on Aug 26, 2022.
             Slain by a jackal (2 damage)
             ... on level 2 of the Dungeon.
             The game lasted 00:03:44 (343 turns).

jfcaron the Insei (Meteoran Transmuter)              Turns: 343, Time: 00:03:45

Health: -1/28      AC:  2    Str: 12    XL:     3   Next: 20%
Magic:  8/8        EV: 12    Int: 16    God:
Gold:   14         SH:  0    Dex: 14    Spells: 5/8 levels left

rFire   . . .      SeeInvis .      - Unarmed
rCold   + . .      Faith    .    (no shield)
rNeg    . . .      Spirit   .    a - +0 robe
rPois   .          Reflect  .    (helmet currently unavailable)
rElec   .          Harm     .    (no cloak)
rCorr   .          Rampage  .    (no gloves)
Will    .....                    (boots currently unavailable)
Stlth   +.........               (no amulet)
HPRegen 0.09/turn                c - ring of protection from cold
MPRegen 0.11/turn                (no ring)

@: appendages (expiring), wereblooded, glowing
A: horns 2, talons 2, sense surroundings 1, otherworldly, glowing, explore regen
a: End Transformation


You were on level 2 of the Dungeon.
You had temporarily grown beastly horns and talons.
You visited 1 branch of the dungeon, and saw 2 of its levels.

You collected 14 gold pieces.

Inventory:

Armour
 a - a +0 robe (worn)
Jewellery
 c - a ring of protection from cold (left hand)
Scrolls
 e - a scroll of identify {unknown}
Potions
 b - a potion of lignification
 d - a potion of curing
 f - a potion of berserk rage {unknown}


   Skills:
 + Level 1.6 Fighting
 + Level 2.8 Dodging
 + Level 3.9 Unarmed Combat
 - Level 3.0 Spellcasting
 + Level 2.8 Transmutations


You had 5 spell levels left.
You knew the following spells:

 Your Spells              Type           Power      Damage    Failure   Level
a - Beastly Appendage     Tmut           22%        N/A       6%          1
b - Wereblood             Tmut           11%        N/A       9%          2

Your spell library contained the following spells:

 Spells                   Type           Power      Damage    Failure   Level
 Necrotise                Necr           8%         1d4       19%         1
 Spider Form              Tmut/Pois      6%         N/A       32%         3
 Vampiric Draining        Necr           2%         2d6       50%         3
 Ice Form                 Ice/Tmut       6%         N/A       71%         4
 Agony                    Necr           2%         N/A       99%         5


Dungeon Overview and Level Annotations

Branches:
Dungeon (2/15) Zot: 860

Altars:


Innate Abilities, Weirdness & Mutations

You have temporarily grown beastly horns and talons.
You passively map a small area around you.
You are easily found by Zot.
You glow in the dark.
You regain HP and MP as you explore.


Message History

You kill the jackal!
The quokka bites you.
The jackal bites you but does no damage.
The jackal closely misses you. The quokka bites you.
* * * LOW HITPOINT WARNING * * *
You closely miss the jackal. You claw the jackal, but do no damage.
The jackal completely misses you. The jackal bites you.
* * * LOW HITPOINT WARNING * * *
The jackal closely misses you. The jackal barely misses you.
The quokka barely misses you.
Really quaff the potion of lignification?
Okay, then.
It was a potion of curing.
You feel better. The jackal bites you. x2
The quokka bites you.
* * * LOW HITPOINT WARNING * * *
You feel better.
Your transformation is almost over.
The jackal bites you but does no damage.
The jackal bites you. The quokka closely misses you. The jackal bites you.
The jackal closely misses you.
You hit the jackal but do no damage. The quokka bites you.
* * * LOW HITPOINT WARNING * * *
The jackal bites you but does no damage. x2
You completely miss the jackal.
You howl as the wereblood boils in your veins!
The quokka misses you.
A kobold comes into view. It is wielding a +3 short sword.
The jackal bites you.
* * * LOW HITPOINT WARNING * * *
The jackal closely misses you.
You closely miss the jackal. You claw the jackal.
The jackal is almost dead.
The quokka closely misses you. The jackal bites you.
* * * LOW HITPOINT WARNING * * *
The jackal bites you.
* * * LOW HITPOINT WARNING * * *
The quokka bites you.
* * * LOW HITPOINT WARNING * * *
The jackal bites you.
You die...

~ , , , .~....
..........,.#.# ~..K.. ..
....... ...## , .....
).##......##...#
~*##...#. ...#.# .......
~# #......, #...#*#......
#..#....####...###......
.....#h†...............#
,
,......r@.............#.#
......h#..........##.#..
.......#....<.....##.###
.......#############....
, , ....... ##### ,
,....... # , ....... #
......# # , , , #


You could see a quokka, 2 jackals and a kobold.

Vanquished Creatures
  2 dart slugs (D:1)
  A ball python (D:1)
  5 bats
  An endoplasm (D:1)
  A giant cockroach (D:1)
  A goblin (D:1)
  A hobgoblin (D:1)
  A jackal (D:2)
  2 quokkas (D:1)
  A rat (D:1)
16 creatures vanquished.

Notes
Turn   | Place    | Note
-------+----------+-------------------------------------------
     0 | D:1      | jfcaron the Meteoran Transmuter began the quest for the
                  | Orb.
     0 | D:1      | Reached XP level 1. HP: 16/16 MP: 5/5
    76 | D:1      | Reached XP level 2. HP: 21/23 MP: 4/6
   130 | D:1      | Learned a level 2 spell: Wereblood
   283 | D:1      | Reached XP level 3. HP: 23/28 MP: 8/8
   343 | D:2      | HP: 5/28 [jackal (1)]
   343 | D:2      | HP: 1/28 [quokka (3)]
   343 | D:2      | Slain by a jackal

Illustrated notes

Levels and vault maps discovered:
D:1:      roderic_octagonal_star, layout_loops_corners,
          ebering_ecumenical_altar_mist, serial_shops, shop
D:2:      cheibrodos_helix_gallery, layout_rooms, kennysheep_cross_bottleneck,
          solitary_fountain

Skill      XL: |  1  2 |
---------------+-------+-----
Spellcasting   | 3 |  3.0
Fighting       | |  1.6
Dodging        | |  2.8
Unarmed Combat | |  3.9
Transmutations | |  2.8

Action                   || total
-------------------------++-------
Melee: Unarmed           ||    58
       Kick              ||     8
       Headbutt          ||     4
 Cast: Beastly Appendage ||     7
       Wereblood         ||     1
  Use: Potion            ||     2
Armor: Robe              ||    29
Dodge: Dodged            ||    55

Table legend: (Time is in decaauts)
 A = Elapsed time spent in this place.
 B = Non-inter-level travel time spent in this place.
 C = Inter-level travel time spent in this place.
 D = Time resting spent in this place.
 E = Time spent auto-exploring this place.
 F = Levels seen in this place.
 G = Mean time per level.
                   A        B        C        D        E       F      G
               +--------+--------+--------+--------+--------+-----+--------+
         Total |    338 |    338 |      0 |      0 |      0 |   2 |  169.0 |
       Dungeon |    338 |    338 |      0 |      0 |      0 |   2 |  169.0 |
               +--------+--------+--------+--------+--------+-----+--------+

Top non-repeatable levels by time:
     D:1: 288 daAuts
     D:2: 50 daAuts
